 Dungeon Crawl Stone Soup version 0.22-a0-441-gcf5b0c64b7 (webtiles) character file.

21 Ordine the Magician (level 2, -1/15 HPs)
             Began as a Deep Elf Wizard on May 30, 2018.
             Killed from afar by Natasha (7 damage)
             ... with a magic dart
             ... on level 2 of the Dungeon.
             The game lasted 00:03:38 (1003 turns).

Ordine the Magician (Deep Elf Wizard)               Turns: 1003, Time: 00:03:38

Health: -1/15      AC:  3    Str:  4    XL:     2   Next: 65%
Magic:  2/9        EV: 13    Int: 22    God:
Gold:   29         SH:  0    Dex: 13    Spells: 7/10 levels left

rFire    . . .     SeeInvis .   (no weapon)
rCold    . . .     Gourm    .   (no shield)
rNeg     . . .     Faith    .   a - +0 robe
rPois    .         Spirit   .   b - +0 hat
rElec    .         Reflect  .   c - +0 cloak
rCorr    .         Harm     .   (no gloves)
MR       .....                  (no boots)
Stlth    ++........             (no amulet)
HPRegen  0.05/turn              (no ring)
MPRegen  0.11/turn              (no ring)

@: no status effects
A: no striking features
a: no special abilities


You were on level 2 of the Dungeon.
You were not hungry.

You visited 1 branch of the dungeon, and saw 2 of its levels.

You collected 29 gold pieces.

Inventory:

Armour
 a - a +0 robe (worn)
 b - a +0 hat (worn)
 c - a +0 cloak (worn)
Scrolls
 e - a scroll of teleportation {unknown}
 g - a scroll of remove curse {unknown}
 h - 2 scrolls of noise {unknown}
Potions
 f - a potion of resistance {unknown}
Comestibles
 d - 2 rations


   Skills:
 + Level 2.8 Dodging
 + Level 2.9 Stealth
 + Level 4.7 Spellcasting
 + Level 1.6 Conjurations
   Level 1.1 Summonings
 + Level 1.3 Translocations


You had 7 spell levels left.
You knew the following spells:

 Your Spells              Type           Power        Failure   Level  Hunger
a - Magic Dart            Conj           ##..         5%          1    None
b - Blink                 Tloc           N/A          9%          2    None

Your spell library contained the following spells:

 Spells                   Type           Power        Failure   Level  Hunger
 Conjure Flame            Conj/Fire      #.......     22%         3    ##.....
 Slow                     Hex            #.......     16%         2    None
 Mephitic Cloud           Conj/Pois/Air  #.......     26%         3    ##.....
 Call Imp                 Summ           ##......     10%         2    None


Dungeon Overview and Level Annotations

Branches:
Dungeon (2/15)

Altars:
Ru

Annotations:
D:2 Natasha


Message History

Natasha barely misses you.
Casting: Magic Dart (safe; 5% risk of failure)
Confirm with . or Enter, or press ? or * to list all spells.
Aiming: Magic Dart (safe; 5% risk of failure)
Press: ? - help, Shift-Dir - straight line, f/p - Natasha
Aim: Natasha (lightly wounded)
The magic dart hits Natasha.
Natasha is moderately wounded.
Natasha casts a spell at you. You resist with significant effort.
Casting: Magic Dart (safe; 5% risk of failure)
Confirm with . or Enter, or press ? or * to list all spells.
Aiming: Magic Dart (safe; 5% risk of failure)
Press: ? - help, Shift-Dir - straight line, f/p - Natasha
Aim: Natasha (moderately wounded)
The magic dart hits Natasha.
Natasha is heavily wounded.
Natasha stares at you and mumbles some strange words.
The magic dart hits you!
You die...

#..............#
####.###.......# #.#
#.......## #####.#
#......... ##...#.#
#.......## #......#
#.......## #......#
##.#.##.##
#.....#####.#.##.##
###@h.###...........
#......##.###.###.##
#.##.#.##.###.###.##
#.##.#.##...........
..........#######..##
##.#.##..#..≈≈≈..#..#
.......#..5...)..#..
..##.#.#...≈._.≈)..#.
. ##.##.#..≈...≈..# #


You could see Natasha.

Vanquished Creatures
  An ooze (D:2)
  7 goblins
  3 hobgoblins (D:1)
  2 kobolds (D:1)
  3 rats (D:1)
16 creatures vanquished.

Notes
Turn   | Place    | Note
-------+----------+-------------------------------------------
     0 | D:1      | Ordine the Deep Elf Wizard began the quest for the Orb.
     0 | D:1      | Reached XP level 1. HP: 10/10 MP: 7/7
   242 | D:1      | Reached XP level 2. HP: 15/15 MP: 7/9
   246 | D:1      | Learned a level 2 spell: Blink
   690 | D:2      | Found a sacrificial altar of Ru.
   834 | D:2      | Noticed Natasha
  1003 | D:2      | Killed from afar by Natasha

Vault maps used:
D:1:      arrival_zaba_pyramid
D:2:      serial_forest, infiniplex_forest_clump_small,
          infiniplex_forest_lined_corner, infiniplex_forest_end_3,
          infiniplex_forest_lined_3_way, infiniplex_forest_straight_4,
          nicolae_ru_awakened_eye, uniq_natasha

Action                   || total
-------------------------++-------
Melee: Unarmed           ||     3
 Cast: Magic Dart        ||    39
Armor: Robe              ||     1
Dodge: Dodged            ||     7

Table legend:
 A = Spawn XP
 B = Non-spawn XP
 C = Spawn XP percentage of total XP
 D = Spawn monster count
 E = Non-spawn monster count
 F = Spawn count percentage of total count
 G = Total turns spent on level
                    A         B        C        D         E        F      G
               +---------+---------+-------+---------+---------+-------+---------
         Total |       0 |      31 |   0.0 |       0 |      16 |   0.0 |  1003
               +---------+---------+-------+---------+---------+-------+---------
           D:1 |       0 |      20 |   0.0 |       0 |      13 |   0.0 |   792
           D:2 |       0 |      11 |   0.0 |       0 |       3 |   0.0 |   211
               +---------+---------+-------+---------+---------+-------+---------
